 Dungeon Crawl Stone Soup version 0.25.1-2-g60ff931df9 (webtiles) character file.

Game seed: 11694761899646063596

29491 hawla the Carver (level 13, -6/116 HPs)
             Began as a Minotaur Fighter on Oct 25, 2020.
             Was an Initiate of Gozag.
             Killed from afar by Azrael (23 damage)
             ... with a bolt of fire
             ... on level 14 of the Dungeon.
             The game lasted 00:41:00 (17948 turns).

hawla the Carver (Minotaur Fighter)                Turns: 17948, Time: 00:41:00

Health: -6/116     AC: 16    Str: 26    XL:     13   Next: 15%
Magic:  12/12      EV: 33    Int:  5    God:    Gozag
Gold:   2537       SH:  5    Dex: 10    Spells: 12/12 levels left

rFire    . . .     SeeInvis +   O - +1 scimitar (flame)
rCold    . . .     Gourm    .   H - +0 buckler of Youthful Indiscretion {MR+ Stlth+}
rNeg     . . .     Faith    .   q - +0 chain mail
rPois    .         Spirit   .   (helmet unavailable)
rElec    .         Reflect  .   m - +1 cloak
rCorr    .         Harm     .   N - +0 pair of gloves
MR       +....                  I - +0 pair of boots
Stlth    +.........             o - amulet of the acrobat
HPRegen  0.29/turn              a - +4 ring of evasion
MPRegen  0.13/turn              e - ring of see invisible

@: about to teleport, gold aura, acrobat
A: retaliatory headbutt, fangs 1, hooves 1, horns 3
a: Potion Petition, Call Merchant, Bribe Branch, Renounce Religion


You were on level 14 of the Dungeon.
You worshipped Gozag.
Gozag was most pleased with you.
You were very hungry.

You visited 1 branch of the dungeon, and saw 14 of its levels.

You collected 2816 gold pieces.
You spent 189 gold pieces at shops.
You paid 90 gold pieces to Gozag.

Inventory:

Hand Weapons
 b - the +8 dagger of Turmoil {flame, rElec MR+ Int+3}
   (You bought it in a shop on level 13 of the Dungeon)

   It has been specially enchanted to burn those struck by it, causing extra
   injury to most foes and up to half again as much damage against particularly
   susceptible opponents.
   It affects your intelligence (+3).
   It insulates you from electricity.
   It affects your resistance to hostile enchantments.
 w - the +11 hunting sling of Outrage {venom, rN+, unknown}
   (You found it on level 13 of the Dungeon)

   It poisons the ammo it fires.
   It protects you from negative energy.
 O - a +1 scimitar of flaming (weapon)
Missiles
 h - 8 boomerangs (quivered)
 n - 54 poisoned darts
 t - 6 atropa-tipped darts
 K - 4 silver boomerangs
Armour
 d - a +2 hat
 m - a +1 cloak (worn)
 q - a +0 chain mail (worn)
 v - a +1 scale mail of magic resistance
 z - a +0 plate armour
 F - the +5 leather armour of the Playwright {rCorr Slay+3, unknown}
   (You found it on level 14 of the Dungeon)

   It affects your accuracy and damage with ranged weapons and melee attacks
   (+3).
   It provides partial protection from all sources of acid and corrosion.
 H - the +0 buckler of Youthful Indiscretion (worn) {MR+ Stlth+}
   (You found it on level 7 of the Dungeon)

   It affects your resistance to hostile enchantments.
   It makes you more stealthy.
 I - a +0 pair of boots (worn)
 N - a +0 pair of gloves (worn)
Jewellery
 a - a +4 ring of evasion (left hand)
 e - a ring of see invisible (right hand)
 o - an amulet of the acrobat (around neck)
 G - a +4 ring of evasion
 J - an uncursed ring of ice
 P - an uncursed ring of positive energy
Wands
 k - a wand of iceblast (9)
 r - a wand of clouds (24)
 x - a wand of paralysis (10)
 A - a wand of acid (9)
Scrolls
 c - 6 scrolls of remove curse
 i - a scroll of enchant armour
 j - 3 scrolls of teleportation
 u - a scroll of fear
 y - a scroll of enchant weapon
 B - 2 scrolls of magic mapping
 C - 3 scrolls of identify
 D - a scroll of noise {unknown}
 L - a scroll of acquirement
Potions
 g - 2 potions of magic
 l - 3 potions of cancellation
 p - 3 potions of curing
 E - a potion of haste
 M - 3 potions of stabbing
Comestibles
 f - 15 rations


   Skills:
 + Level 11.1 Fighting
 + Level 7.4(11.0) Short Blades
 + Level 13.6(14.4) Long Blades
 + Level 3.2 Throwing
 + Level 8.5 Armour
 * Level 12.5 Dodging
 + Level 5.3 Stealth
 + Level 7.1 Shields
 + Level 0.7 Evocations


You had 12 spell levels left.
You didn't know any spells.
Your spell library was empty.

Dungeon Overview and Level Annotations

Branches:
Dungeon (14/15)            Temple (0/1) D:7            Lair (0/6) D:10
    Orc (0/2) D:10
 Vaults: D:13-14

Altars:
Cheibriados
Dithmenos
Fedhas
Gozag
Hepliaklqana
Kikubaaqudgha
Qazlal
Ru
Trog
Uskayaw
Wu Jian
Yredelemnul
Zin
Beogh

Shops:
D:13 (

Annotations:
D:8 2 transporters
D:14 Azrael


Innate Abilities, Weirdness & Mutations

You reflexively headbutt those who attack you in melee.
You have a pair of large horns on your head.
You have very sharp teeth.
You have large cloven feet.


Message History

Azrael is lightly wounded.
Azrael hits you with a +4 scimitar of flaming.
Azrael burns you.
You hit Azrael. Your headbutt misses Azrael. Your bite misses Azrael.
Azrael is lightly wounded.
The efreet hits you but does no damage.
You slash Azrael! You bite Azrael.
Azrael is moderately wounded.
Azrael gestures at you. The bolt of fire hits you!!
* * * LOW HITPOINT WARNING * * *
The efreet gestures at you.
The fireball explodes!
The fireball engulfs you.
* * * LOW HITPOINT WARNING * * *
The fireball engulfs Azrael.
Azrael completely resists.
The fireball engulfs the efreet.
The efreet completely resists.
Azrael gestures at you. The bolt of fire hits you!!
You die...
Your body crumbles into a pile of gold.

#○°# ##.. ########○###
##..#### #...)..○R..###
#....... #.......C..'.#
#....... #....§.§○..#.##
#....... +.....§C§..#..#
#.......
#....§§RR..##.###.......
#....§§§§§.##...'......)
#....§§@§§.######.......
############ #.......
#....... ########


You could see Azrael and an efreet.

Vanquished Creatures
  Kirke (D:14)
  Gastronok (D:12)
  Frances (D:13)
  Snorg (D:12)
  A hydra (D:13)
  2 two-headed ogres
  Nergalle (D:12)
  An unseen horror (D:14)
  3 manticores
  4 ugly things
  2 deep elf magi
  2 cyclopes
  4 gargoyles
  2 centaur skeletons
  An efreet (D:14)
  4 trolls
  A hornet (D:11)
  5 slime creatures (D:14)
  A hippogriff (D:11)
  A spriggan (D:12)
  11 yaks
  A shadow (D:12)
  A wyvern (D:13)
  2 wraiths
  2 hogs (D:14)
  Eustachio (D:6)
  2 vampire mosquitoes (D:14)
  A basilisk (D:14)
  A hungry ghost (D:14)
  Menkaure (D:4)
  A soldier ant (D:14)
  2 acid dragons
  A water moccasin (D:9)
  5 hell hounds (D:14)
  3 ice beasts
  2 sky beasts
  9 orc warriors
  2 black bears
  A phantom (D:13)
  5 ogres
  9 centaurs
  A necrophage (D:12)
  A crocodile (D:11)
  2 big kobolds
  5 bullfrogs
  A gnoll sergeant (D:9)
  19 killer bees
  3 scorpions
  17 wights
  A howler monkey (D:8)
  4 crimson imps
  4 centaur zombies
  5 bullfrog skeletons
  5 jellies
  2 quasits
  7 hounds
  11 orc priests
  Natasha (thrice) (D:4)
  11 orc wizards
  10 worker ants
  A hound zombie (D:5)
  2 worker ant zombies
  4 gnolls (D:9)
  A howler monkey skeleton (D:4)
  10 adders
  2 shadow imps (D:6)
  An ooze (D:1)
  An adder zombie (D:6)
  4 adder skeletons
  4 worms
  4 dart slugs
  3 leopard geckos
  62 orcs
  5 giant cockroaches
  4 goblins
  15 hobgoblins
  16 jackals
  15 kobolds
  3 quokkas
  2 ball pythons (D:3)
  8 bats
  7 frilled lizards
  A leopard gecko skeleton (D:7)
  2 quokka skeletons (D:4)
  6 rats
397 creatures vanquished.

Vanquished Creatures (collateral kills)
  A centaur (D:10)
  A jackal (D:10)
2 creatures vanquished.

Vanquished Creatures (others)
  3 humans (D:14)
3 creatures vanquished.

Grand Total: 402 creatures vanquished

Notes
Turn   | Place    | Note
-------+----------+-------------------------------------------
     0 | D:1      | hawla the Minotaur Fighter began the quest for the Orb.
     0 | D:1      | Reached XP level 1. HP: 19/19 MP: 0/0
   214 | D:1      | Reached skill level 1 in Dodging
   227 | D:1      | Reached XP level 2. HP: 18/27 MP: 1/1
   943 | D:1      | Reached XP level 3. HP: 33/33 MP: 2/2
  2197 | D:3      | Reached skill level 3 in Long Blades
  2266 | D:3      | Reached XP level 4. HP: 19/40 MP: 3/3
  2860 | D:3      | Reached XP level 5. HP: 41/47 MP: 4/4
  2865 | D:3      | Reached skill level 4 in Long Blades
  2907 | D:3      | Found a faded altar of an unknown god.
  3402 | D:4      | Reached skill level 1 in Stealth
  3411 | D:4      | Reached skill level 5 in Long Blades
  3506 | D:4      | Found a hazy altar of Hepliaklqana.
  3592 | D:4      | Noticed Natasha
  3596 | D:4      | Killed Natasha
  3596 | D:4      | Reached XP level 6. HP: 48/53 MP: 5/5
  3784 | D:4      | Noticed Menkaure
  3785 | D:4      | Found an ancient bone altar of Kikubaaqudgha.
  3795 | D:4      | Killed Menkaure
  4057 | D:4      | Noticed Natasha
  4065 | D:4      | Killed Natasha
  4065 | D:4      | Reached skill level 5 in Fighting
  4076 | D:4      | Noticed Natasha
  4078 | D:4      | Killed Natasha
  4078 | D:4      | Reached skill level 6 in Long Blades
  4316 | D:5      | Entered Level 5 of the Dungeon
  4320 | D:5      | Gained mutation: You do not regenerate when monsters are
                  | visible. [potion of mutation]
  4320 | D:5      | Gained mutation: Your flesh is heat resistant. (rF+)
                  | [potion of mutation]
  4320 | D:5      | Gained mutation: You expend magic power (3 MP) to
                  | strengthen your wands. [potion of mutation]
  4320 | D:5      | Gained mutation: You have a somewhat thin skeletal
                  | structure. (Dex +2, Stealth) [potion of mutation]
  4330 | D:5      | Reached XP level 7. HP: 60/61 MP: 6/6
  4414 | D:5      | Reached skill level 7 in Long Blades
  4427 | D:5      | Reached skill level 5 in Dodging
  5011 | D:5      | Found a sacrificial altar of Ru.
  5012 | D:5      | Reached XP level 8. HP: 70/70 MP: 7/7
  5072 | D:5      | Found a blossoming altar of Fedhas.
  5075 | D:5      | Found a hide-covered altar of Uskayaw.
  5082 | D:5      | Found an ornate altar of the Wu Jian Council.
  5964 | D:5      | Reached skill level 8 in Long Blades
  6911 | D:6      | Found a glowing silver altar of Zin.
  6914 | D:6      | Found an opulent altar of Gozag.
  6921 | D:6      | Became a worshipper of Gozag Ym Sagoz the Greedy
  6927 | D:6      | Found a stormy altar of Qazlal.
  6930 | D:6      | Found a snail-covered altar of Cheibriados.
  6948 | D:6      | Noticed Eustachio
  6962 | D:6      | Killed Eustachio
  6962 | D:6      | Reached skill level 9 in Long Blades
  7044 | D:6      | Reached skill level 1 in Throwing
  7262 | D:6      | Reached XP level 9. HP: 69/78 MP: 8/8
  7391 | D:6      | Found a basalt altar of Yredelemnul.
  7881 | D:7      | Found a staircase to the Ecumenical Temple.
  7922 | D:7      | Noticed a moth of wrath
  7924 | D:7      | Found a bloodstained altar of Trog.
  8411 | D:7      | Got a polished buckler
  8417 | D:7      | Identified the cursed +0 buckler of Youthful Indiscretion
                  | {MR+ Stlth+} (You found it on level 7 of the Dungeon)
  8448 | D:8      | Reached skill level 1 in Short Blades
  9108 | D:8      | Found a transporter.
  9356 | D:8      | Found a transporter.
  9613 | D:9      | Reached skill level 10 in Long Blades
  9956 | D:9      | Noticed a green ugly thing
  9971 | D:9      | Killed a green ugly thing
  9971 | D:9      | Reached XP level 10. HP: 76/86 MP: 9/9
 11207 | D:10     | Entered Level 10 of the Dungeon
 11301 | D:10     | Found a roughly hewn altar of Beogh.
 11301 | D:10     | Found a staircase to the Orcish Mines.
 11744 | D:10     | Noticed a gargoyle
 11755 | D:10     | Killed a gargoyle
 11857 | D:10     | Found a staircase to the Lair.
 12445 | D:11     | Reached skill level 11 in Long Blades
 12476 | D:11     | Noticed a cyclops
 12843 | D:11     | Killed a cyclops
 12843 | D:11     | Reached skill level 5 in Shields
 12986 | D:11     | Reached skill level 5 in Armour
 12986 | D:11     | Reached skill level 10 in Dodging
 13104 | D:11     | Noticed a gargoyle
 13120 | D:11     | Killed a gargoyle
 13269 | D:11     | Reached skill level 5 in Short Blades
 13269 | D:11     | Reached XP level 11. HP: 72/95 MP: 10/10
 13621 | D:12     | Noticed Gastronok
 13636 | D:12     | Killed Gastronok
 14240 | D:12     | Reached skill level 12 in Long Blades
 14302 | D:12     | Noticed a green ugly thing
 14313 | D:12     | Killed a green ugly thing
 14543 | D:12     | Noticed Nergalle
 14546 | D:12     | Noticed Snorg
 14558 | D:12     | Killed Nergalle
 14583 | D:12     | Killed Snorg
 14951 | D:12     | Reached skill level 5 in Stealth
 15286 | D:12     | Identified a scroll of acquirement
 15663 | D:13     | Noticed a two-headed ogre
 15669 | D:13     | Killed a two-headed ogre
 15669 | D:13     | Reached XP level 12. HP: 106/106 MP: 11/11
 15743 | D:13     | Reached skill level 10 in Fighting
 15767 | D:13     | Found Ithomar's Antique Weapon Boutique.
 15852 | D:13     | Bought a dazzling dagger for 189 gold pieces
 15852 | D:13     | Identified the +8 dagger of Turmoil {flame, rElec MR+
                  | Int+3} (You bought it in a shop on level 13 of the Dungeon)
 15971 | D:13     | Noticed a six-headed hydra
 15986 | D:13     | Killed a six-headed hydra
 16104 | D:12     | Reached skill level 13 in Long Blades
 16303 | D:13     | Lost mutation: Your flesh is heat resistant. (rF+) [potion
                  | of mutation]
 16303 | D:13     | Lost mutation: You have a somewhat thin skeletal structure.
                  | (Dex +2, Stealth) [potion of mutation]
 16303 | D:13     | Gained mutation: Your body sometimes deteriorates upon
                  | taking damage. [potion of mutation]
 16303 | D:13     | Gained mutation: You have a pair of large horns on your
                  | head. [potion of mutation]
 16304 | D:13     | Lost mutation: You do not regenerate when monsters are
                  | visible. [potion of mutation]
 16304 | D:13     | Lost mutation: Your body sometimes deteriorates upon taking
                  | damage. [potion of mutation]
 16304 | D:13     | Lost mutation: You expend magic power (3 MP) to strengthen
                  | your wands. [potion of mutation]
 16304 | D:13     | Gained mutation: You have very sharp teeth. [potion of
                  | mutation]
 16304 | D:13     | Gained mutation: You have large cloven feet. [potion of
                  | mutation]
 16330 | D:13     | Noticed Frances
 16344 | D:13     | Killed Frances
 16899 | D:13     | Got a crystal hunting sling
 17182 | D:14     | Got a heavily runed leather armour
 17183 | D:14     | Noticed Kirke
 17210 | D:14     | Killed Kirke
 17642 | D:14     | Found a shadowy altar of Dithmenos.
 17648 | D:14     | Reached XP level 13. HP: 113/115 MP: 12/12
 17918 | D:14     | Noticed Azrael
 17948 | D:14     | Killed from afar by Azrael

Illustrated notes

Levels and vault maps discovered:
D:1:      wander_arrival_estate, layout_loops_ring
D:2:      layout_loops_corners, first_ration
D:3:      layout_loops_ring, chequers_ecumenical_altar_simple
D:4:      layout_loops_ring, nicolae_overflow_crystal_walls,
          kiku_gazebo_pond_becter, kennysheep_generic_room_15, uniq_menkaure,
          uniq_natasha
D:5:      cheibrodos_fzero, layout_layer_cave, grunt_temple_overflow_open,
          chequers_hall_statues_wall_a
D:6:      layout_cave_pods, overflow_temple_1_default,
          grunt_temple_overflow_cloverleaf, minmay_fractal_squares_diagonal_5,
          uniq_eustachio
D:7:      layout_basic, tgw_trog, minmay_temple_entry_waves
D:8:      gammafunk_jiyva_shrine, layout_loops_ring
D:9:      layout_stronghold
D:10:     layout_roguey, lair_entry_dummy, david_orc_5
D:11:     layout_rooms
D:12:     layout_long_grid, the_bakery, uniq_snorg, uniq_nergalle,
          uniq_gastronok
D:13:     layout_rooms, serial_shops, shop, uniq_frances
D:14:     layout_roguey, skrybe_vaults_entry_preservation, serial_shops,
          shop_scrolls, nicolae_dithmenos_through_a_glass_darkly,
          kennysheep_opposing_triangles, uniq_azrael, uniq_kirke

Skill      XL: |  1  2  3  4  5  6  7  8  9 10 11 12 13 |
---------------+----------------------------------------+-----
Dodging        | 1 2 3 4 5 7 9 10 11 12 | 12.5
Armour         | 4 5 6 8 |  8.5
Fighting       | 4 5 6 7 8 9 10 11 | 11.1
Long Blades    | 3 5 6 7 9 10 11 12 13 | 13.6
Stealth        | 1 2 3 4 5 |  5.3
Throwing       | 1 2 3 |  3.2
Short Blades   | 2 5 7 |  7.4
Shields        | 4 5 6 7 |  7.1
Evocations     | |  0.7

Action                   |  1- 3 |  4- 6 |  7- 9 | 10-12 | 13-15 || total
-------------------------+-------+-------+-------+-------+-------++-------
Melee: Long sword        |    81 |   113 |       |       |       ||   194
       Headbutt          |    12 |    16 |    60 |   177 |    14 ||   279
       Scimitar          |       |     2 |   219 |   247 |    46 ||   514
       Short sword       |       |       |    28 |   100 |       ||   128
       Dagger            |       |       |       |   334 |       ||   334
       Bite              |       |       |       |    25 |     6 ||    31
Throw: Boomerang         |       |     2 |    10 |     7 |       ||    19
       Dart              |       |       |    14 |     7 |       ||    21
Evoke: Wand              |       |       |       |     2 |     2 ||     4
       Phantom mirror    |       |       |       |       |     1 ||     1
  Use: Scroll            |     4 |     4 |     7 |    12 |     2 ||    29
       Potion            |       |     2 |     4 |     7 |       ||    13
 Stab: Sleeping          |     1 |     2 |     7 |     7 |       ||    17
       Distracted        |       |     1 |       |     2 |       ||     3
  Eat: Chunk             |     3 |     8 |     8 |       |       ||    19
       Ration            |       |       |     4 |     6 |       ||    10
Armor: Robe              |    11 |    21 |    31 |       |       ||    63
       Leather armour    |       |       |     3 |     4 |       ||     7
       Ring mail         |       |       |       |    26 |       ||    26
       Scale mail        |       |       |       |    36 |       ||    36
       Chain mail        |       |       |       |    20 |    15 ||    35
Dodge: Dodged            |    53 |    99 |   243 |   461 |    27 ||   883
Block: Buckler           |       |       |    26 |   119 |    12 ||   157
       Rpst.: Long sword |    22 |    24 |       |       |       ||    46
       Scimitar          |       |     1 |    45 |    47 |     4 ||    97
